 Dungeon Crawl Stone Soup version 0.26-a0-712-ga5a9c9c9d0 (webtiles) character file.

Game seed: 7508203652681576343

978190 lorenzova the Archmage (level 27, -24/157 HPs)
             Began as a Deep Elf Conjurer on Nov 2, 2020.
             Was the Champion of Vehumet.
             Killed from afar by an ancient champion (50 damage)
             ... with an iron shot
             ... on level 3 of the Tomb of the Ancients on Nov 6, 2020.
             The game lasted 09:10:33 (105824 turns).

lorenzova the Archmage (Deep Elf Conjurer)        Turns: 105824, Time: 09:10:34

Health: -24/157    AC: 22    Str:  7    XL:     27
Magic:  56/56      EV: 23    Int: 40    God:    Vehumet [******]
Gold:   8266       SH:  9    Dex: 13    Spells: 0/80 levels left

rFire    + + +     SeeInvis .   y - +3 Elemental Staff {rElec rF++ rC++ MR++ AC+5}
rCold    + + +     Faith    .   V - +2 buckler {reflect}
rNeg     + + +     Spirit   .   C - +3 ring mail of the Valley of Death {rElec rF++ rN+++ MP-9}
rPois    +         Reflect  +   H - +2 helmet {Int+3}
rElec    +         Harm     +   R - scarf {harm}
rCorr    .         Rampage  .   X - +0 pair of gloves {Str+3}
MR       +++++     Rnd*Rage +   z - +0 pair of boots {Fly}
Stlth    ++........             M - amulet of magic regeneration
HPRegen  0.36/turn              K - ring of magical power
MPRegen  0.60/turn              J - ring "Jithiut" {rElec rC+ MR+ Stlth+}

@: swift, flying, very quick
A: repulsion field 1, berserk 1, blurry vision 1, poison resistance
}: 5/15 runes: serpentine, barnacled, silver, icy, bone
a: Renounce Religion, Stop Flying


You were on level 3 of the Tomb of the Ancients.
You worshipped Vehumet.
Vehumet was exalted by your worship.
You visited 17 branches of the dungeon, and saw 84 of its levels.
You also visited: Ossuary, Gauntlet and Ice Cave.

You collected 10288 gold pieces.
You spent 2022 gold pieces at shops.

Inventory:

Hand Weapons
 y - the +3 Elemental Staff (weapon) {rElec rF++ rC++ MR++ AC+5}
   (You found it on level 3 of the Elven Halls)

   It affects your AC (+5).
   It greatly protects you from fire.
   It greatly protects you from cold.
   It insulates you from electricity.
   It affects your resistance to hostile enchantments.
Armour
 q - the +4 Cigotuvi's embrace {rRot *Drain rN+}
   (You took it off an iron imp on level 7 of the Iron City of Dis)

   It protects you from negative energy.
   It causes draining when unequipped.
 z - a +0 pair of boots of flying (worn)
 C - the +3 ring mail of the Valley of Death (worn) {rElec rF++ rN+++ MP-9}
   (You found it on level 3 of the Elven Halls)

   It greatly protects you from fire.
   It insulates you from electricity.
   It renders you almost immune to negative energy.
   It affects your magic capacity (-9).
 G - a +1 cloak of magic resistance
 H - a +2 helmet of intelligence (worn)
 R - a scarf of harm (worn)
 T - a +1 leather armour of cold resistance
 U - the +2 hat of the Bear Spirit {Spirit, +Rage rN+ MR++}
   (You found it on level 3 of the Snake Pit)

   It protects you from negative energy.
   It affects your resistance to hostile enchantments.
   It lets you go berserk.
 V - a +2 buckler of reflection (worn)
 X - a +0 pair of gloves of strength (worn)
Magical Staves
 B - an uncursed staff of air
 I - an uncursed staff of conjuration
Jewellery
 b - an uncursed ring of see invisible
 J - the ring "Jithiut" (right hand) {rElec rC+ MR+ Stlth+}
   (You took it off a vampire knight on level 3 of the Crypt)

   [ring of stealth]

   It protects you from cold.
   It insulates you from electricity.
   It affects your resistance to hostile enchantments.
   It makes you more stealthy.
 K - a ring of magical power (left hand)
 L - an uncursed ring of wizardry
 M - an amulet of magic regeneration (around neck)
 P - the ring "Daciucw" {Fire +Fly rElec rPois Str-2}
   (You found it on level 7 of Tartarus)

   [ring of fire]

   It enhances your fire magic.
   It affects your strength (-2).
   It protects you from fire.
   It makes you vulnerable to cold.
   It insulates you from electricity.
   It protects you from poison.
   It lets you fly.
 Q - the ring of Diol {rF- EV+4 Str+9 Int+4}
   (You found it on level 7 of Tartarus)

   [ring of evasion]

   It affects your evasion (+4).
   It affects your strength (+9).
   It affects your intelligence (+4).
   It makes you vulnerable to fire.
Wands
 E - a wand of acid (46)
 F - a wand of digging (6)
 O - a wand of disintegration (21)
Scrolls
 c - 15 scrolls of fog
 e - 18 scrolls of teleportation
 f - 8 scrolls of enchant armour
 h - 8 scrolls of magic mapping
 m - 3 scrolls of identify
 n - 5 scrolls of immolation
 p - 2 scrolls of summoning
 s - a scroll of holy word
 t - 12 scrolls of fear
 w - 5 scrolls of amnesia
 A - 23 scrolls of remove curse
 N - a scroll of blinking
Potions
 a - 6 potions of might
 d - 8 potions of lignification
 g - 14 potions of heal wounds
 i - 30 potions of curing
 j - 6 potions of brilliance
 k - 7 potions of invisibility
 l - 5 potions of magic
 r - 8 potions of haste
 v - 6 potions of resistance
 x - 4 potions of cancellation
 D - 2 potions of mutation
 W - 2 potions of ambrosia
Miscellaneous
 o - the horn of Geryon


   Skills:
 - Level 12.2 Fighting
 - Level 13.1 Armour
 - Level 23.0 Dodging
 - Level 2.4 Stealth
 + Level 13.3 Shields
 O Level 27 Spellcasting
 - Level 24.2 Conjurations
 - Level 9.0 Hexes
 - Level 6.0 Translocations
 - Level 23.0 Fire Magic
 - Level 23.0 Ice Magic
 - Level 23.0 Air Magic
 * Level 21.5 Earth Magic


You couldn't memorise any spells.
You knew the following spells:

 Your Spells              Type           Power        Failure   Level
a - Magic Dart            Conj           ####         0%          1
b - Iskenderun's Battles  Conj           ########     0%          5
c - Iskenderun's Mystic   Conj/Tloc      ########     0%          4
d - Fulminant Prism       Conj/Hex       ########..   0%          4
e - Foxfire               Conj/Fire      ####         0%          1
f - Fireball              Conj/Fire      #########.   0%          5
g - Shatter               Erth           ########..   3%          9
i - Ignition              Fire           #########.   1%          8
j - Swiftness             Air            ########     0%          2
k - Absolute Zero         Ice            #########.   1%          9
l - Lightning Bolt        Conj/Air       #########.   0%          5
o - Orb of Destruction    Conj           ########..   1%          7
p - Blink                 Tloc           N/A          1%          2
t - Tornado               Air            #########.   1%          9
v - Fire Storm            Conj/Fire      #########.   1%          9

Your spell library contained the following spells:

 Spells                   Type           Power        Failure   Level
 Sandblast                Erth           ######       0%          1
 Shock                    Conj/Air       ####         0%          1
 Corpse Rot               Necr/Air       N/A          0%          2
 Passwall                 Tmut/Erth      ########     0%          2
 Poisonous Vapours        Pois/Air       ######       0%          2
 Searing Ray              Conj           ######       0%          2
 Conjure Flame            Conj/Fire      ########     0%          3
 Dazzling Flash           Conj/Hex       ######       0%          3
 Inner Flame              Hex/Fire       ########     0%          3
 Mephitic Cloud           Conj/Pois/Air  ########     0%          3
 Static Discharge         Conj/Air       ########     0%          3
 Stone Arrow              Conj/Erth      ######       0%          3
 Airstrike                Air            #########.   0%          4
 Leda's Liquefaction      Hex/Erth       ########..   0%          4
 Sticky Flame             Conj/Fire      ########     0%          4
 Bolt of Magma            Conj/Fire/Erth #########.   0%          5
 Lee's Rapid Deconstruct  Erth           ########..   0%          5
 Conjure Ball Lightning   Conj/Air       #########.   0%          6
 Freezing Cloud           Conj/Ice/Air   #########.   0%          6
 Iron Shot                Conj/Erth      #########.   0%          6
 Starburst                Conj/Fire      #########.   0%          6
 Animate Skeleton         Necr           ######       1%          1
 Beastly Appendage        Tmut           ######       1%          1
 Corona                   Hex            #######      1%          1
 Pain                     Necr           ####         1%          1
 Sting                    Tmut/Pois      ####         1%          1
 Summon Small Mammal      Summ           ####         1%          1
 Call Imp                 Summ           ######..     1%          2
 Slow                     Hex            #######.     1%          2
 Sublimation of Blood     Necr           ######....   1%          2
 Gell's Gravitas          Tloc           #######...   1%          3
 Ignite Poison            Fire/Tmut/Pois ########     1%          3
 Lesser Beckoning         Tloc           #######...   1%          3
 Portal Projectile        Hex/Tloc       ######       1%          3
 Teleport Other           Tloc           #######.     1%          3
 Cause Fear               Hex            #######...   1%          4
 Passage of Golubria      Tloc           N/A          1%          4
 Petrify                  Tmut/Erth      ########     1%          4
 Summon Lightning Spire   Summ/Air       ########     1%          4
 Borgnjor's Vile Clutch   Necr/Erth      ########..   1%          5
 Irradiate                Conj/Tmut      ########..   1%          5
 Silence                  Hex/Air        ########..   1%          5
 Yara's Violent Unravell  Hex/Tmut       ######....   1%          5
 Simulacrum               Ice/Necr       ########..   1%          6
 Statue Form              Tmut/Erth      ########.    1%          6
 Vampiric Draining        Necr           ######....   2%          3
 Olgreb's Toxic Radiance  Pois           ######..     2%          4
 Summon Mana Viper        Hex/Summ       ######..     3%          5
 Summon Forest            Summ/Tloc      ######....   6%          5
 Animate Dead             Necr           ######....   8%          4
 Dispel Undead            Necr           ######..     8%          4
 Dispersal                Tloc           #######...   10%         6
 Agony                    Necr           ######..     21%         5
 Alistair's Intoxication  Tmut/Pois      ######...    21%         5
 Excruciating Wounds      Necr           ######....   21%         5
 Summon Demon             Summ           ######....   21%         5
 Death Channel            Necr           ######....   75%         6
 Eringya's Noxious Bog    Tmut/Pois      ######....   75%         6
 Hydra Form               Tmut           ######....   75%         6
 Shadow Creatures         Summ           N/A          75%         6
 Discord                  Hex            #######...   77%         8
 Dragon Form              Tmut           ######....   99%         7
 Summon Hydra             Summ           ######....   99%         7
 Disjunction              Tloc           #######...   99%         8
 Necromutation            Tmut/Necr      ######....   100%        8


Dungeon Overview and Level Annotations

Branches:
Dungeon (15/15)            Temple (1/1) D:5            Lair (6/6) D:8
 Shoals (4/4) Lair:3        Snake (4/4) Lair:3        Slime (0/5) Lair:5
    Orc (2/2) D:10            Elf (3/3) Orc:2        Vaults (5/5) D:14
  Crypt (3/3) Vaults:3       Tomb (3/3) Crypt:3      Depths (5/5) D:15
   Hell (visited)             Dis (7/7) Hell            Geh (7/7) Hell
    Coc (7/7) Hell            Tar (7/7) Hell            Zot (4/5) Depths:5
Ossuary (visited)           IceCv (visited)         Gauntlet (visited)

Altars:
Cheibriados
Elyvilon
Gozag
Hepliaklqana
Kikubaaqudgha
Makhleb
Nemelex Xobeh
Okawaru
Qazlal
Trog
Uskayaw
Vehumet
Xom
Yredelemnul
Beogh
Lugonu

Shops:
D:12 (   Orc:2 :[(*[   Elf:1 *   Vaults:1 (   Vaults:2 }!*   Vaults:3 [
Vaults:4 *   Vaults:5 }[

Portals:
Hell: Depths:1 Depths:2 Depths:3 Depths:4 Depths:5
Abyss: Depths:1 Depths:4 Depths:5
Pandemonium: Depths:2 Depths:3
Ziggurat: Depths:1

Annotations:
Lair:5 exclusion: 2 oklob plants
Dis:7 Dispater
Geh:7 Asmodeus


Innate Abilities, Weirdness & Mutations

You are surrounded by a mild repulsion field. (EV +2)
You tend to lose your temper in combat.
Scrolls take you a little longer to read.
Your system is resistant to poisons. (rPois)


Message History

You resist. Vehumet accepts your kill.
You feel your power returning.
The bennu, emptied of spiritual energy, fades out from this realm.
You are engulfed in raging winds.
You hear a hideous shriek!
A guardian mummy comes into view.
The winds around you calm down.
The ancient champion points at you and mumbles some strange words.
You resist with almost no effort.
Found six items.
The ancient champion points at you and mumbles some strange words.
The iron shot hits you!!!
* * * LOW HITPOINT WARNING * * *
You hear a hideous shriek! x2
Found 24 gold pieces, a staff of cold, a dull robe and a blackened book.
There is a one-way staircase leading up, spattered with blood here.
The ancient champion points at you and mumbles some strange words.
The iron shot hits you!!!
You die...

***********************,,,,**
,,,,,,,,,,,,,,,,,,,,,,,,,,,*
,,,,,,,,,,,,,,,,,,,,,,,.,,**
,,,,,,,,,,,,,,,,,,,^,...***
*,,,,,,,,,,,,,,,,**##'##*
*^,,,,,,,^,,,,,,,*#M...#**
**,,,,,,,,,,,,,,*#......,***
,**,,..z...z,,,##.......,,,*
,<**..M..zz°M,##@......$,,,**
,,,*#M.zMz...##.M.......,,,,*
,,,,*#..M..z##....^....^,,,,*
,,,,*#..z.)$##..(..^..$.,,,,*
,,,,,#.))^..#zz...Z...$$,,,,*
,^,,,#......#..^.....$$|,,,,*
,,,,,+...z..z........$}[,,,**
,,,,,#.....z#.......$$):,,**
,,,,,#......#.......$=),,**


You could see 2 ancient champions, a skeletal warrior, a guardian mummy, a
flying skull, a mummy and a five-headed hydra skeleton.

Vanquished Creatures
  Antaeus (Coc:7)
  Ereshkigal (Tar:7)
  the Serpent of Hell (Geh:7)
  An orb of fire (Zot:2)
  Mara (Vaults:2)
  2 juggernauts
  2 ancient liches
  14 greater mummies
  Sojobo (Vaults:3)
  Boris (twice) (Crypt:2 Tomb:1)
  Vashnia (Snake:3)
  6 shard shrikes
  2 Killer Klowns
  Frederick (Depths:3)
  Saint Roka (Snake:2)
  Xtahua (Vaults:2)
  Bai Suzhen (Snake:4)
  8 golden dragons
  The ghost of Jimaaf the Impregnable, an adept DDFi of Uskayaw (Zot:1)
  A curse toe (Zot:3)
  Geryon (Hell)
  Nikola (Snake:3)
  11 bone dragons
  32 Tzitzimimeh
  3 iron giants
  14 Brimstone Fiends
  3 liches
  14 doom hounds
  4 electric golems
  7 tentacled monstrosities
  13 Hell Sentinels (Dis:7)
  A shard shrike skeleton (Crypt:1)
  3 deep elf blademasters
  13 Ice Fiends
  4 quicksilver dragons
  12 titans
  2 deep elf master archers (Elf:3)
  9 death cobs
  A kraken (Shoals:2)
  11 sphinxes
  11 ancient champions
  Agnes (D:14)
  Kirke (D:13)
  13 tengu reavers
  21 storm dragons
  Donald (Snake:3)
  8 shadow dragons
  7 revenants
  2 draconian monks
  7 nagarajas
  18 frost giants
  8 fire giants
  4 deep elf sorcerers
  A ghost moth (Zot:2)
  15 iron dragons
  6 deep elf elementalists
  3 curse skulls
  3 draconian knights (Zot:1)
  10 vault wardens
  Aizul (Snake:3)
  Louise (D:14)
  5 draconian scorchers
  A spriggan defender (Depths:4)
  15 balrugs
  4 cacodemons (Dis:7)
  4 ghouls
  2 draconian shifters
  4 draconian stormcallers
  3 elemental wellsprings (Coc:7)
  2 orc warlords
  63 reapers
  20 stone giants
  10 ironheart preservers
  22 war gargoyles
  3 draconian annihilators (Zot:1)
  An entropy weaver (shapeshifter) (Elf:1)
  A caustic shrike skeleton (Crypt:3)
  9 large abominations
  A juggernaut skeleton (Crypt:1)
  19 very ugly things
  6 green draconians
  2 bennus (Tomb:3)
  27 vampire knights
  Azrael (Elf:1)
  8 deep elf demonologists
  11 deep elf annihilators
  5 black draconians
  A minotaur (Gauntlet)
  2 white draconians
  7 purple draconians
  6 red draconians
  6 yellow draconians
  15 blizzard demons
  13 deep elf death magi
  8 eidola
  4 merfolk javelineers
  16 ettins
  Josephine (D:12)
  A green death (Hell)
  8 fire dragons
  12 merfolk impalers
  12 mummy priests
  10 quicksilver dragon zombies
  18 yaktaur captains
  13 jiangshi
  2 spectral krakens (Tar:7)
  9 deep elf high priests
  6 boulder beetles
  5 rakshasas
  9 quicksilver dragon skeletons
  8 great orbs of eyes
  28 vault guards
  3 kraken zombies
  Harold (D:11)
  15 naga warriors
  7 hydras
  22 ice dragons
  4 ghost crabs
  3 merfolk avatars
  4 spriggan air magi
  3 hell beasts
  13 anacondas
  5 death knights
  7 centaur warriors
  6 merfolk aquamancers
  A queen ant (Lair:3)
  39 death scarabs
  27 dancing weapons
  32 two-headed ogres
  15 ogre magi
  29 hell hogs
  Urug (D:11)
  2 satyrs
  6 tengu warriors
  6 deep troll shamans
  20 vampire magi
  9 death yaks (Lair:6)
  6 small abominations
  5 orc high priests
  4 shock serpents
  The ghost of Hiceoc the Nimble, a journeyman FeBe of Trog (Lair:4)
  6 titan zombies
  13 naga sharpshooters
  2 shock serpents (shapeshifter)
  A spriggan berserker (Depths:5)
  11 deep troll earth magi
  8 storm dragon zombies
  28 soul eaters
  9 iron golems
  Sonja (Lair:3)
  35 deep elf knights
  25 sun demons
  11 titan skeletons
  4 salamander mystics
  2 shadow wraiths
  3 spark wasp zombies (Hell)
  21 hell knights
  13 iron trolls
  223 skeletal warriors
  28 deep trolls
  6 glowing orange brains
  8 golden dragon zombies
  11 naga ritualists
  11 storm dragon skeletons
  2 unseen horrors
  5 wizards
  2 death drakes
  22 sea snakes
  30 shadow demons
  14 flayed ghosts
  3 kraken simulacra (Coc:7)
  4 ghost moth zombies
  14 anaconda zombies
  50 phantasmal warriors
  19 deep elf archers
  2 golden dragon skeletons
  15 ironbrand convokers
  8 necromancers
  6 anaconda skeletons
  4 iron dragon zombies
  3 shadow dragon zombies
  10 orc knights
  A sphinx zombie (Hell)
  3 tengu skeletons
  4 harpies (Shoals:4)
  4 wolf spider zombies
  A shadow dragon skeleton (Tar:3)
  A wolf spider (shapeshifter) (Vaults:1)
  A mana viper (shapeshifter) (Vaults:5)
  5 orc sorcerers
  8 fire giant zombies
  9 mana vipers
  4 cyclopes
  8 wolf spiders
  29 ugly things
  8 stone giant zombies
  An orb spider (shapeshifter) (Vaults:2)
  10 stone giant skeletons
  8 salamanders
  12 manticores
  A shining eye (shapeshifter) (Depths:2)
  83 deep elf magi
  20 frost giant zombies
  14 moths of wrath
  A salamander (shapeshifter) (Vaults:1)
  8 fauns
  8 iron dragon skeletons
  7 merfolk sirens
  10 guardian serpents
  A shock serpent zombie (Dis:7)
  9 fire giant skeletons
  9 vault sentinels
  6 frost giant skeletons
  45 rust devils
  3 titan simulacra (Coc:7)
  42 black mambas
  4 ice statues
  14 molten gargoyles
  Psyche (D:8)
  An eye of devastation (shapeshifter) (Depths:5)
  2 guardian serpents (shapeshifter)
  3 smoke demons
  2 torpor snails
  5 water nymphs
  A torpor snail (shapeshifter) (Elf:2)
  5 dire elephant zombies
  A shock serpent skeleton (Geh:5)
  2 storm dragon simulacra (Coc:7)
  A gargoyle (D:14)
  14 cane toads
  2 catoblepas zombies
  5 yaktaur zombies
  10 spectral swamp worms (Tar:7)
  5 komodo dragons
  3 emperor scorpion zombies
  A yaktaur (shapeshifter) (Vaults:3)
  17 naga magi
  Maggie (D:7)
  8 dire elephant skeletons
  11 anaconda simulacra (Coc:7)
  3 rime drakes
  An efreet (Dis:7)
  37 freezing wraiths
  A swamp worm zombie (Crypt:3)
  3 human zombies
  31 guardian mummies
  44 hellions
  52 yaktaurs
  A minotaur skeleton (Geh:3)
  38 ice devils
  2 catoblepas skeletons
  20 hydra zombies
  A red draconian skeleton (Tar:6)
  2 tengu conjurers
  8 trolls
  3 hellwings (Depths:1)
  5 human skeletons
  49 tormentors
  24 polar bears
  6 silent spectres
  Grinder (D:4)
  A meliai (shapeshifter) (Vaults:2)
  A jumping spider (shapeshifter) (Depths:4)
  3 wind drakes
  32 merfolk
  37 red devils
  A shadow dragon simulacrum (Coc:1)
  2 hornets
  7 bog bodies
  12 ettin zombies
  9 hydra skeletons
  3 raiju (Lair:6)
  A blink frog (shapeshifter) (Vaults:4)
  41 slime creatures
  A wolf spider simulacrum (Tar:6)
  9 snapping turtles
  6 fire dragon zombies
  A fire giant simulacrum (Coc:7)
  2 human simulacra
  11 dream sheep
  A dream sheep (shapeshifter) (Vaults:4)
  5 harpy skeletons
  8 ice dragon zombies
  3 spriggan zombies
  8 alligator zombies
  8 ettin skeletons
  7 ice dragon skeletons
  171 flying skulls
  A vampire (D:12)
  4 black mamba zombies
  2 fire bats (Geh:1)
  39 shadows
  7 wyverns
  3 alligator skeletons
  9 air elementals
  10 fire dragon skeletons
  8 ushabtiu
  53 yaks
  18 water elementals
  An orc simulacrum (Vaults:2)
  49 wraiths
  A golden eye (shapeshifter) (Elf:3)
  4 hogs (D:13)
  A human (D:14)
  Grum (D:10)
  2 black mamba skeletons (Geh:7)
  37 fire elementals
  3 basilisks
  2 chaos spawn (Depths:4)
  A steam dragon (D:10)
  63 nagas
  4 vampire mosquitoes (D:14)
  A warg (shapeshifter) (Depths:3)
  4 tengu zombies
  6 hydra simulacra
  9 soldier ants
  20 wargs
  2 merfolk zombies
  An acid dragon (D:15)
  14 cane toad zombies
  A merfolk skeleton (Tar:6)
  A floating eye (Depths:3)
  11 water moccasins
  83 hell hounds
  10 ice beasts
  14 black bears
  A manticore zombie (Geh:3)
  58 orc warriors
  A sky beast (D:10)
  6 snapping turtle zombies
  48 necrophages
  2 swamp dragon zombies
  3 cane toad skeletons
  A dream sheep skeleton (Crypt:2)
  3 eyes of draining
  A boggart (shapeshifter) (Vaults:5)
  An ogre (shapeshifter) (D:13)
  5 snapping turtle skeletons
  44 ogres
  6 boggarts
  51 wolves
  17 phantoms
  21 centaurs
  4 manticore skeletons
  An elf zombie (Dis:1)
  A rime drake skeleton (Crypt:2)
  2 big kobolds (D:11)
  2 salamander zombies
  2 elf skeletons
  A wyvern zombie (D:8)
  17 bullfrogs
  A cane toad simulacrum (Hell)
  An ogre simulacrum (Vaults:1)
  3 earth elementals
  A cyclops skeleton (Crypt:2)
  2 scorpions
  3 wyvern skeletons
  A warg skeleton (Crypt:3)
  17 killer bees
  67 wights
  An elf simulacrum (Vaults:3)
  5 electric eels
  2 howler monkeys
  2 troll skeletons
  8 crimson imps
  2 jellies
  2 bullfrog zombies (D:10)
  5 centaur zombies
  25 orc priests
  4 centaur skeletons
  11 hounds
  2 basilisk skeletons (Crypt:1)
  A bullfrog skeleton (D:12)
  38 iron imps
  Ijyb (D:4)
  Natasha (thrice) (D:4)
  Terence (D:3)
  A demonspawn skeleton (Crypt:3)
  3 iguanas
  29 worker ants
  28 orc wizards
  An ogre zombie (Tar:5)
  A sky beast zombie (Crypt:2)
  2 naga zombies
  A felid skeleton (Crypt:3)
  3 ogre skeletons
  3 hound zombies
  50 mummies
  2 worker ant zombies
  2 howler monkey zombies
  10 adders
  A howler monkey skeleton (D:6)
  20 shadow imps
  A swamp drake skeleton (Crypt:1)
  33 white imps
  3 ufetubi
  An ooze (D:3)
  4 adder skeletons
  2 adder zombies
  6 worms
  2 dart slugs
  6 leopard geckos
  111 orcs
  A bat zombie (Crypt:2)
  3 giant cockroaches
  8 goblins
  5 hobgoblins
  22 jackals
  7 quokkas
  A ball python (D:3)
  9 bats
  5 frilled lizards
  A giant cockroach zombie (D:6)
  4 goblin zombies (Ossuary)
  A hobgoblin zombie (Ossuary)
  19 kobolds
  A kobold skeleton (Coc:5)
  A kobold zombie (Crypt:2)
  A leopard gecko skeleton (D:6)
  2 orc skeletons
  2 orc zombies
  2 quokka skeletons
  A quokka zombie (D:5)
  7 rats
  24 blocks of ice
  7 bushes (Shoals:3)
  3 crawling corpses (Elf:3)
  93 fire vortices
  16 tentacles
4614 creatures vanquished.

Vanquished Creatures (collateral kills)
  2 bone dragons
  2 titans (Zot:2)
  An iron dragon (Vaults:5)
  A green draconian (Zot:3)
  A kraken zombie (Coc:1)
  A hell hog (Hell)
  2 skeletal warriors
  A fire giant zombie (Tar:6)
  An ugly thing (Vaults:1)
  A slime creature (Vaults:3)
  A hellion (Geh:3)
  A yaktaur (Vaults:1)
  An anaconda simulacrum (Coc:7)
  A wraith (Dis:3)
  An orc warrior (Vaults:4)
  An ogre (Vaults:3)
  A wight (Tar:2)
  A centaur zombie (Dis:7)
  4 mummies
  An orc (Vaults:4)
  A block of ice (Geh:5)
27 creatures vanquished.

Vanquished Creatures (others)
  An ancient champion (Dis:1)
  An anaconda (Snake:3)
  A hell hog (Geh:3)
  A frost giant zombie (Geh:7)
  A catoblepas zombie (Geh:7)
  A wraith (Coc:7)
  A human (D:5)
  A spriggan skeleton (Geh:7)
  31 blocks of ice
  4 demonic plants (Gauntlet)
  365 fire vortices
  147 fulminant prisms
  51 fungi
  151 plants
  12 tentacles
  2 withered plants (Lair:4)
771 creatures vanquished.

Grand Total: 5412 creatures vanquished

Notes
Turn   | Place    | Note
-------+----------+-------------------------------------------
     0 | D:1      | lorenzova the Deep Elf Conjurer began the quest for the
                  | Orb.
     0 | D:1      | Reached XP level 1. HP: 10/10 MP: 6/6
   261 | D:1      | Reached XP level 2. HP: 15/15 MP: 3/8
   412 | D:1      | Learned a level 2 spell: Searing Ray
   812 | D:2      | Reached skill level 4 in Spellcasting
  1091 | D:2      | Reached skill level 5 in Conjurations
  1091 | D:2      | Reached XP level 3. HP: 19/19 MP: 6/10
  1286 | D:2      | Found a hide-covered altar of Uskayaw.
  1288 | D:2      | Found a stormy altar of Qazlal.
  1429 | D:2      | Found a hazy altar of Hepliaklqana.
  1889 | D:3      | Reached XP level 4. HP: 24/24 MP: 7/12
  2161 | D:3      | Reached skill level 5 in Spellcasting
  2606 | D:3      | Found a sparkling altar of Nemelex Xobeh.
  2683 | D:3      | Noticed Terence
  2687 | D:3      | Killed Terence
  3243 | D:4      | Found a sand-covered staircase.
  3250 | D:4      | Reached XP level 5. HP: 28/28 MP: 6/15
  3318 | Ossuary  | Entered an ossuary
  3645 | Ossuary  | Reached skill level 6 in Spellcasting
  3723 | Ossuary  | Reached XP level 6. HP: 20/32 MP: 10/17
  3921 | D:4      | Noticed Ijyb
  3926 | D:4      | Killed Ijyb
  4056 | D:4      | Noticed Natasha
  4059 | D:4      | Killed Natasha
  4212 | D:4      | Reached skill level 7 in Spellcasting
  4244 | D:4      | Noticed Natasha
  4249 | D:4      | Killed Natasha
  4388 | D:4      | Noticed Grinder
  4392 | D:4      | Noticed Natasha
  4394 | D:4      | Killed Grinder
  4394 | D:4      | Reached XP level 7. HP: 20/36 MP: 11/20
  4397 | D:4      | Killed Natasha
  4397 | D:4      | Reached skill level 8 in Spellcasting
  4774 | D:4      | Found an opulent altar of Gozag.
  4883 | D:4      | Found a shimmering blue altar of Sif Muna.
  4885 | D:4      | Found a hazy altar of Hepliaklqana.
  4885 | D:4      | Found a stormy altar of Qazlal.
  4887 | D:4      | Found a shimmering altar of Xom.
  4887 | D:4      | Found an iron altar of Okawaru.
  4887 | D:4      | Found a shimmering altar of Xom.
  5191 | D:4      | Gained mutation: You tend to lose your temper in combat.
                  | [potion of mutation]
  5191 | D:4      | Gained mutation: You are clumsy. (Dex -2) [potion of
                  | mutation]
  5191 | D:4      | Gained mutation: You evolve. [potion of mutation]
  5192 | D:4      | Lost mutation: You tend to lose your temper in combat.
                  | [potion of mutation]
  5192 | D:4      | Lost mutation: You are clumsy. (Dex -2) [potion of
                  | mutation]
  5192 | D:4      | Gained mutation: You are frail. (-10% HP) [potion of
                  | mutation]
  5192 | D:4      | Gained mutation: You have a pair of small horns on your
                  | head. [potion of mutation]
  5193 | D:4      | Lost mutation: You are frail. (-10% HP) [potion of
                  | mutation]
  5193 | D:4      | Gained mutation: You are dopey. (Int -2) [potion of
                  | mutation]
  5193 | D:4      | Gained mutation: Your body sometimes deteriorates upon
                  | taking damage. [potion of mutation]
  5193 | D:4      | Gained mutation: You have sharp fingernails. [potion of
                  | mutation]
  5194 | D:4      | Lost mutation: You evolve. [potion of mutation]
  5194 | D:4      | Lost mutation: You are dopey. (Int -2) [potion of mutation]
  5194 | D:4      | Lost mutation: You have sharp fingernails. [potion of
                  | mutation]
  5194 | D:4      | Gained mutation: Your system is resistant to poisons.
                  | (rPois) [potion of mutation]
  5194 | D:4      | Gained mutation: You are resistant to hostile enchantments.
                  | (MR+) [potion of mutation]
  5227 | D:5      | Entered Level 5 of the Dungeon
  5289 | D:5      | Found a staircase to the Ecumenical Temple.
  5308 | Temple   | Entered the Ecumenical Temple
  5338 | Temple   | Became a worshipper of Vehumet
  5853 | D:5      | Found an ancient bone altar of Kikubaaqudgha.
  5853 | D:5      | Noticed a human
  5856 | D:5      | Killed a human
  6164 | D:6      | Reached skill level 9 in Spellcasting
  6318 | D:6      | Reached XP level 8. HP: 41/41 MP: 17/23
  6369 | D:6      | Learned a level 4 spell: Iskenderun's Mystic Blast
  6374 | D:6      | Learned a level 4 spell: Fulminant Prism
  6657 | D:6      | Noticed a white ugly thing
  6665 | D:6      | Reached skill level 1 in Hexes
  6665 | D:6      | Reached skill level 1 in Translocations
  6740 | D:6      | Reached * piety under Vehumet
  6740 | D:6      | Offered knowledge of Shock by Vehumet.
  6751 | D:6      | Killed a white ugly thing
  6751 | D:6      | Reached skill level 10 in Spellcasting
  7724 | D:7      | Reached XP level 9. HP: 45/45 MP: 6/25
  8314 | D:7      | Noticed Maggie
  8323 | D:7      | Killed Maggie
  8323 | D:7      | Reached skill level 11 in Spellcasting
  8323 | D:7      | Reached skill level 10 in Conjurations
  8935 | D:7      | Found a sparkling altar of Nemelex Xobeh.
  9118 | D:7      | Reached ** piety under Vehumet
  9327 | D:8      | Offered knowledge of Foxfire by Vehumet.
  9330 | D:8      | Learned a level 1 spell: Foxfire
  9693 | D:8      | Found a bloodstained altar of Trog.
  9710 | D:8      | Reached skill level 5 in Hexes
  9710 | D:8      | Reached skill level 1 in Fire Magic
  9958 | D:8      | Noticed a two-headed ogre
 10028 | D:9      | Offered knowledge of Mephitic Cloud by Vehumet.
 10028 | D:9      | Reached XP level 10. HP: 50/50 MP: 22/27
 10040 | D:9      | Noticed a two-headed ogre
 10052 | D:9      | Killed a two-headed ogre
 10052 | D:9      | Reached skill level 12 in Spellcasting
 10053 | D:9      | Reached *** piety under Vehumet
 10405 | D:8      | Reached skill level 5 in Translocations
 10416 | D:8      | Killed a two-headed ogre
 10416 | D:8      | Offered knowledge of Ignite Poison by Vehumet.
 10622 | D:9      | Killed an unseen horror
 11137 | D:9      | Reached skill level 5 in Fire Magic
 11626 | D:8      | Found a staircase to the Lair.
 11751 | D:8      | Noticed Psyche
 11758 | D:8      | Killed Psyche
 11758 | D:8      | Reached skill level 13 in Spellcasting
 11826 | D:8      | Reached XP level 11. HP: 23/54 MP: 10/30
 12008 | D:8      | Found an iron altar of Okawaru.
 12102 | D:8      | You fall into a shaft and drop 1 floor!
 12512 | D:10     | Entered Level 10 of the Dungeon
 12636 | D:10     | Reached **** piety under Vehumet
 12776 | D:10     | Noticed Grum
 12877 | D:10     | Noticed a two-headed ogre
 12887 | D:10     | Killed a two-headed ogre
 13008 | D:10     | Offered knowledge of Iskenderun's Battlesphere by Vehumet.
 13015 | D:10     | Killed Grum
 13123 | D:10     | Learned a level 5 spell: Iskenderun's Battlesphere
 13317 | D:10     | Found a staircase to the Orcish Mines.
 13363 | D:10     | Identified the +1 robe of Zin's Benevolence {Int+5}
 13370 | D:10     | Found an ancient bone altar of Kikubaaqudgha.
 13868 | D:10     | Found a burning altar of Makhleb.
 13868 | D:10     | Noticed a blizzard demon
 14036 | D:11     | Noticed Urug
 14054 | D:11     | Killed Urug
 14349 | D:11     | Noticed Harold
 14354 | D:11     | Killed Harold
 14554 | D:11     | Reached skill level 14 in Spellcasting
 14580 | D:11     | Reached ***** piety under Vehumet
 14584 | D:11     | Offered knowledge of Starburst by Vehumet.
 14728 | D:11     | Learned a level 6 spell: Starburst
 15547 | Lair:1   | Entered Level 1 of the Lair of Beasts
 15676 | Lair:1   | Found a gate leading to a gauntlet.
 15690 | Gauntlet | Entered a Gauntlet
 15690 | Gauntlet | Found a transporter.
 15690 | Gauntlet | Found a transporter.
 15694 | Gauntlet | Noticed a sixfirhy
 15742 | Gauntlet | Found a transporter.
 15745 | Gauntlet | Found a transporter.
 15753 | Gauntlet | Found a transporter.
 15757 | Gauntlet | Found a transporter.
 15763 | Gauntlet | Noticed a balrug
 15765 | Gauntlet | Found a transporter.
 15781 | Gauntlet | Found a transporter.
 15784 | Gauntlet | Noticed a catoblepas
 15798 | Gauntlet | Found a transporter.
 15799 | Gauntlet | Found a transporter.
 15807 | Gauntlet | Found a transporter.
 15811 | Gauntlet | Found a transporter.
 16212 | Gauntlet | Got a crystal hand axe
 16213 | Gauntlet | Identified the +6 hand axe of Koiji {drain, MR++ Str-4
                  | Dex+4} (You found it in a Gauntlet)
 16242 | Gauntlet | Reached XP level 12. HP: 50/59 MP: 13/32
 16333 | Gauntlet | Got a steaming pewter ring
 16340 | Gauntlet | Identified the ring of Xakuo {rF+ rN++ Dex-3} (You found it
                  | in a Gauntlet)
 16341 | Gauntlet | Lost strength.
 16345 | Gauntlet | Lost mutation: Your body sometimes deteriorates upon taking
                  | damage. [potion of mutation]
 16345 | Gauntlet | Lost mutation: Your system is resistant to poisons. (rPois)
                  | [potion of mutation]
 16345 | Gauntlet | Lost mutation: You are resistant to hostile enchantments.
                  | (MR+) [potion of mutation]
 16345 | Gauntlet | Lost mutation: You have a pair of small horns on your head.
                  | [potion of mutation]
 16345 | Gauntlet | Gained mutation: You are frail. (-10% HP) [potion of
                  | mutation]
 16345 | Gauntlet | Gained mutation: You are agile. (Dex +2) [potion of
                  | mutation]
 16345 | Gauntlet | Gained mutation: You are surrounded by a mild repulsion
                  | field. (EV +2) [potion of mutation]
 16410 | Gauntlet | Killed a balrug
 16492 | Gauntlet | Noticed a minotaur
 16495 | Gauntlet | Killed a minotaur
 17635 | Lair:2   | Reached skill level 15 in Spellcasting
 18141 | Lair:2   | Noticed a boulder beetle
 18151 | Lair:2   | Killed a boulder beetle
 18155 | Lair:2   | Reached skill level 1 in Fighting
 18155 | Lair:2   | Reached skill level 1 in Armour
 18938 | Lair:3   | Found a frozen archway.
 19047 | IceCv    | Entered an ice cave
 19475 | IceCv    | Offered knowledge of Orb of Destruction by Vehumet.
 19484 | IceCv    | Learned a level 7 spell: Orb of Destruction
 19504 | IceCv    | Reached skill level 10 in Fire Magic
 19622 | IceCv    | Noticed a frost giant
 19638 | IceCv    | Killed a frost giant
 19638 | IceCv    | Reached XP level 13. HP: 59/59 MP: 19/34
 20388 | Lair:3   | Found a staircase to the Snake Pit.
 20471 | Lair:3   | Noticed Sonja
 20473 | Lair:3   | Killed Sonja
 20473 | Lair:3   | Reached skill level 16 in Spellcasting
 20635 | Lair:3   | Found a staircase to the Shoals.
 21088 | Lair:3   | Lost mutation: You are frail. (-10% HP) [potion of
                  | mutation]
 21088 | Lair:3   | Lost mutation: You are agile. (Dex +2) [potion of mutation]
 21088 | Lair:3   | Gained mutation: You tend to lose your temper in combat.
                  | [potion of mutation]
 21088 | Lair:3   | Gained mutation: Your system is resistant to poisons.
                  | (rPois) [potion of mutation]
 22020 | Lair:4   | Found a runed translucent door.
 22021 | Lair:4   | Noticed Hiceoc's ghost (journeyman FeBe)
 23025 | Lair:4   | Learned a level 5 spell: Fireball
 23067 | Lair:5   | You are sucked into a shaft and drop 1 floor!
 23067 | Lair:6   | Entered Level 6 of the Lair of Beasts
 23169 | Lair:6   | Offered knowledge of Lightning Bolt by Vehumet.
 23382 | Lair:5   | Learned a level 5 spell: Lightning Bolt
 23705 | Lair:5   | Reached skill level 1 in Air Magic
 23802 | Lair:5   | Found a staircase to the Slime Pits.
 24233 | Lair:6   | Reached XP level 14. HP: 75/75 MP: 14/36
 24668 | Lair:6   | Reached skill level 15 in Conjurations
 24890 | Lair:6   | Reached skill level 17 in Spellcasting
 25454 | Lair:6   | Reached ****** piety under Vehumet
 25492 | Lair:6   | Offered knowledge of Yara's Violent Unravelling by Vehumet.
 25981 | Orc:1    | Entered Level 1 of the Orcish Mines
 26179 | Orc:1    | Reached skill level 5 in Dodging
 26430 | Orc:1    | Noticed an orc warlord
 26438 | Orc:1    | Killed an orc warlord
 26734 | Orc:2    | Entered Level 2 of the Orcish Mines
 26867 | Orc:2    | Found a staircase to the Elven Halls.
 27011 | Orc:2    | Noticed an orc warlord
 27014 | Orc:2    | Killed an orc warlord
 27241 | Orc:2    | Found Cuets's Antique Armour Shop.
 27242 | Orc:2    | Found a roughly hewn altar of Beogh.
 27245 | Orc:2    | Found Seic's Antique Weapon Boutique.
 27338 | Orc:2    | Found a roughly hewn altar of Beogh.
 27392 | Orc:2    | Found a roughly hewn altar of Beogh.
 27561 | Orc:2    | Found Huvuinir's Book Emporium.
 27651 | Orc:2    | Reached skill level 5 in Air Magic
 27683 | Orc:2    | Offered knowledge of Conjure Ball Lightning by Vehumet.
 27827 | Orc:2    | Found a bloodstained altar of Trog.
 27930 | Orc:2    | Found a roughly hewn altar of Beogh.
 28032 | Orc:2    | Found Suhera's Assorted Antiques.
 28166 | Orc:2    | Found a roughly hewn altar of Beogh.
 28177 | Orc:2    | Found Eheulasi's Armour Emporium.
 28320 | Orc:2    | Bought a runed helmet for 232 gold pieces
 28414 | Orc:2    | Bought a glowing inky potion for 27 gold pieces
 28414 | Orc:2    | Bought a potion of haste for 310 gold pieces
 28452 | Orc:2    | Bought an embroidered cloak for 232 gold pieces
 28705 | D:12     | Noticed Josephine
 28712 | D:12     | Killed Josephine
 28715 | D:12     | Reached XP level 15. HP: 80/80 MP: 20/38
 29112 | D:12     | Found Cuboymy's Antique Weapon Emporium.
 29320 | D:13     | Noticed Kirke
 29324 | D:13     | Noticed a sphinx
 29326 | D:13     | Killed Kirke
 29326 | D:13     | Reached skill level 5 in Armour
 30242 | Snake:1  | Entered Level 1 of the Snake Pit
 30780 | Snake:1  | Reached skill level 5 in Fighting
 31142 | Snake:1  | Reached skill level 18 in Spellcasting
 31354 | Snake:2  | Noticed a nagaraja
 31356 | Snake:2  | Killed a nagaraja
 31443 | Snake:2  | Noticed Saint Roka
 31451 | Snake:2  | Killed Saint Roka
 31930 | Snake:2  | Offered knowledge of Freezing Cloud by Vehumet.
 32008 | Snake:2  | Noticed a nagaraja
 32011 | Snake:2  | Killed a nagaraja
 32517 | Snake:3  | Reached XP level 16. HP: 87/87 MP: 29/40
 32521 | Snake:3  | Noticed Nikola
 32526 | Snake:3  | Killed Nikola
 32703 | Snake:3  | Noticed Vashnia
 33383 | Snake:3  | Learned a level 8 spell: Ignition
 33435 | Snake:3  | Reached skill level 19 in Spellcasting
 33738 | Snake:3  | Noticed Donald
 33740 | Snake:3  | Killed Donald
 34081 | Snake:3  | Offered knowledge of Iron Shot by Vehumet.
 34539 | Snake:3  | Killed Vashnia
 34933 | Snake:3  | Noticed Aizul
 34941 | Snake:3  | Killed Aizul
 35401 | Snake:3  | Found the +2 hat of the Bear Spirit {Spirit, +Rage rN+
                  | MR++}
 35780 | Snake:4  | Entered Level 4 of the Snake Pit
 36286 | Snake:4  | Reached skill level 15 in Fire Magic
 36461 | Snake:4  | Reached XP level 17. HP: 91/92 MP: 14/42
 36508 | Snake:4  | Reached skill level 20 in Spellcasting
 36658 | Snake:4  | Offered knowledge of Fire Storm by Vehumet.
 36658 | Snake:4  | Offered knowledge of Tornado by Vehumet.
 36658 | Snake:4  | Offered knowledge of Absolute Zero by Vehumet.
 37013 | Snake:4  | Noticed Bai Suzhen
 38693 | Snake:4  | Killed Bai Suzhen
 38770 | Snake:4  | Got a serpentine rune of Zot
 39144 | Elf:1    | Entered Level 1 of the Elven Halls
 39160 | Elf:1    | Found a radiant altar of Vehumet.
 39729 | Elf:1    | Found Baodwila's Assorted Antiques.
 39734 | Elf:1    | Bought a pair of embroidered gloves for 247 gold pieces
 39766 | Elf:1    | Bought a thick robe for 188 gold pieces
 39811 | Elf:1    | Noticed Azrael
 39817 | Elf:1    | Killed Azrael
 40169 | Elf:1    | Reached skill level 21 in Spellcasting
 40246 | Elf:1    | Identified the Compendium of the Entourage
 40675 | Elf:2    | Reached XP level 18. HP: 96/96 MP: 43/45
 41002 | Elf:2    | Reached skill level 10 in Air Magic
 41317 | Elf:2    | Found a huge runed translucent gate.
 41317 | Elf:2    | Found a huge runed translucent gate.
 41318 | Elf:2    | Found a huge runed translucent gate.
 41319 | Elf:2    | Found a huge runed translucent gate.
 41329 | Elf:2    | Found a huge runed translucent gate.
 42110 | Elf:3    | Entered Level 3 of the Elven Halls
 42458 | Elf:3    | Reached skill level 1 in Shields
 42801 | Elf:3    | Reached skill level 22 in Spellcasting
 43172 | Elf:3    | Reached XP level 19. HP: 100/100 MP: 35/47
 43358 | Elf:3    | Identified the +1 rapier of Summertime {holy, SInv}
 43453 | Elf:3    | Identified the +2 trident of Fosoucs {vorpal, rElec rN+++
                  | MP-9 Dex-3}
 43612 | Elf:3    | Found the +3 Elemental Staff {rElec rF++ rC++ MR++ AC+5}
 43613 | Elf:3    | Identified the Almanac of Transmigration
 43614 | Elf:3    | Found the +9 heavy crossbow "Sniper" {vorpal, Acc+∞ SInv}
 43899 | Elf:3    | Got a transparent ring mail
 43900 | Elf:3    | Identified the +4 ring mail "Fegoir" {Harm *Drain +Fly
                  | Dex+4} (You found it on level 3 of the Elven Halls)
 44008 | Elf:3    | Got a masterwork ring mail
 44433 | Shoals:1 | Entered Level 1 of the Shoals
 45283 | Shoals:1 | Identified the +3 ring mail of the Valley of Death {rElec
                  | rF++ rN+++ MP-9} (You found it on level 3 of the Elven
                  | Halls)
 45328 | Shoals:1 | Learned a level 9 spell: Fire Storm
 45487 | Shoals:2 | Identified the +1 robe of the Spheres {rElec} (You bought
                  | it in a shop on level 1 of the Elven Halls)
 47462 | Shoals:3 | Got a faintly humming animal skin
 47464 | Shoals:3 | Identified the cursed +0 animal skin of Keadath {+Inv rC+
                  | rN+ Str-4} (You found it on level 3 of the Shoals)
 47612 | Lair:4   | Killed Hiceoc's ghost
 47624 | Lair:4   | Learned a level 2 spell: Swiftness
 47714 | Shoals:4 | Entered Level 4 of the Shoals
 47727 | Shoals:4 | Reached skill level 23 in Spellcasting
 47749 | Shoals:4 | Identified the +2 trident "Moetogi" {protect, +Rage rPois
                  | rN++ Int-4}
 48024 | Shoals:4 | Reached XP level 20. HP: 97/107 MP: 36/49
 48140 | Shoals:4 | Got a barnacled rune of Zot
 48624 | Shoals:4 | Got a steaming glass ring
 48627 | Shoals:4 | Identified the ring "Ysmipny" {rPois rF+ Str+3 Int+3} (You
                  | found it on level 4 of the Shoals)
 49182 | D:14     | Noticed Agnes
 49185 | D:14     | Killed Agnes
 49393 | D:14     | Found a corrupted altar of Lugonu.
 49401 | D:14     | Identified Lugonu's Papyrus of Conjuration
 49482 | D:14     | Noticed Louise
 49486 | D:14     | Killed Louise
 49961 | D:14     | Found a gate to the Vaults.
 50011 | D:15     | Entered Level 15 of the Dungeon
 50241 | D:15     | Found a staircase to the Depths.
 50958 | Vaults:1 | Entered Level 1 of the Vaults
 51332 | Vaults:1 | You are sucked into a shaft and drop 1 floor!
 51388 | Vaults:2 | Found Urebao's General Store.
 51397 | Vaults:2 | Bought a scroll of amnesia for 73 gold pieces
 51397 | Vaults:2 | Bought a scroll of amnesia for 73 gold pieces
 51871 | Vaults:1 | Found Guffuz's Weapon Shoppe.
 53016 | Vaults:2 | Noticed Xtahua
 53034 | Vaults:2 | Killed Xtahua
 53103 | Vaults:2 | Found Ciybuem's Distillery.
 53125 | Vaults:2 | Bought a potion of heal wounds for 85 gold pieces
 53125 | Vaults:2 | Bought 2 potions of heal wounds for 170 gold pieces
 53125 | Vaults:2 | Bought a potion of cancellation for 136 gold pieces
 53125 | Vaults:2 | Bought a potion of curing for 51 gold pieces
 53230 | Vaults:2 | Found Enunliw's Gadget Shoppe.
 53334 | Vaults:2 | Reached XP level 21. HP: 112/112 MP: 40/50
 53441 | Vaults:2 | Noticed Mara
 53443 | Vaults:2 | Noticed lorenzova's illusion
 53445 | Vaults:2 | Killed Mara
 53445 | Vaults:2 | Reached skill level 24 in Spellcasting
 54250 | Vaults:3 | Noticed Sojobo
 54252 | Vaults:3 | Killed Sojobo
 54991 | Vaults:3 | Found a staircase to the Crypt.
 54991 | Vaults:3 | Found an ancient bone altar of Kikubaaqudgha.
 54992 | Vaults:3 | Found a basalt altar of Yredelemnul.
 55445 | Vaults:3 | Found Ogecocs's Armour Shop.
 55662 | Vaults:4 | Found Dintag Biso's General Store.
 55671 | Vaults:4 | Bought a scroll of teleportation for 45 gold pieces
 55833 | Vaults:4 | Reached skill level 10 in Dodging
 56204 | Vaults:4 | Learned a level 2 spell: Blink
 56886 | Vaults:3 | Bought a scarf of harm for 153 gold pieces
 57088 | Depths:1 | Entered Level 1 of the Depths
 57104 | Depths:1 | Reached XP level 22. HP: 117/117 MP: 47/52
 57278 | Depths:1 | Found a gateway to a ziggurat.
 57338 | Depths:1 | Found a gateway to Hell.
 57345 | Depths:1 | Reached skill level 25 in Spellcasting
 57480 | Depths:1 | Found a one-way gate to the infinite horrors of the Abyss.
 58502 | Depths:2 | Gained mutation: Scrolls take you a little longer to read.
                  | [a shining eye]
 58906 | Depths:2 | Found a one-way gate leading to the halls of Pandemonium.
 58971 | Depths:2 | Found the +6 lightning scales {run, rElec}
 59629 | Crypt:1  | Entered Level 1 of the Crypt
 60200 | Crypt:1  | Found an ancient bone altar of Kikubaaqudgha.
 60529 | Crypt:1  | Found a basalt altar of Yredelemnul.
 60635 | Crypt:1  | You are sucked into a shaft and drop 1 floor!
 60646 | Crypt:3  | Entered Level 3 of the Crypt
 60832 | Crypt:3  | Reached XP level 23. HP: 123/123 MP: 43/54
 61482 | Crypt:2  | Noticed Boris
 61484 | Crypt:2  | Killed Boris
 62113 | Crypt:3  | Identified the ring "Jithiut" {rElec rC+ MR+ Stlth+}
 62117 | Crypt:3  | Found an ancient bone altar of Kikubaaqudgha.
 62592 | Crypt:3  | Found a staircase to the Tomb.
 62672 | Crypt:3  | Reached skill level 26 in Spellcasting
 62989 | Crypt:3  | Found an ancient bone altar of Kikubaaqudgha.
 63041 | Crypt:3  | Identified Nyimuf's Collected Works on Unholy Magic
 63364 | Crypt:3  | Got a warped amber ring
 63364 | Crypt:3  | Got a glittering brass ring
 63685 | Crypt:3  | Identified the ring of Heyghi {*Slow +Inv rElec rPois rN+}
                  | (You found it on level 3 of the Crypt)
 63687 | Crypt:3  | Identified the ring "Raiblak" {rPois rN+ Dex+2 Slay+2} (You
                  | found it on level 3 of the Crypt)
 63687 | Crypt:3  | Reached XP level 24. HP: 130/130 MP: 55/55
 63807 | Tomb:1   | Entered Level 1 of the Tomb of the Ancients
 63958 | Tomb:1   | Noticed Boris
 63960 | Tomb:1   | Killed Boris
 64502 | Tomb:1   | Noticed an ancient lich
 64504 | Tomb:1   | Killed an ancient lich
 64504 | Tomb:1   | Reached XP level 25. HP: 135/136 MP: 37/55
 64520 | Tomb:1   | Noticed a greater mummy
 64522 | Tomb:1   | Killed a greater mummy
 66416 | Depths:3 | Noticed Frederick
 66418 | Depths:3 | Reached skill level 10 in Armour
 66420 | Depths:3 | Killed Frederick
 67041 | Depths:3 | Got a bloodstained leather armour
 67045 | Depths:3 | Identified the +3 leather armour "Nawkuneo" {Str+4} (You
                  | found it on level 3 of the Depths)
 67931 | Depths:4 | Reached skill level 27 in Spellcasting
 68109 | Depths:4 | Noticed a juggernaut
 68114 | Depths:4 | Killed a juggernaut
 68858 | Depths:5 | Entered Level 5 of the Depths
 69576 | Depths:5 | Noticed a juggernaut
 69578 | Depths:5 | Killed a juggernaut
 69578 | Depths:5 | Reached XP level 26. HP: 144/144 MP: 41/56
 70682 | Depths:5 | Found a gate to the Realm of Zot.
 71123 | Hell     | Entered the Vestibule of Hell
 71123 | Hell     | Noticed Geryon
 71129 | Hell     | Killed Geryon
 71138 | Hell     | Noticed an ancient lich
 71502 | Vaults:5 | Entered Level 5 of the Vaults
 71747 | Vaults:5 | Identified the ring of Zannoih {*Slow rCorr Str-5 Dex+3
                  | Slay+5}
 71754 | Vaults:5 | Reached skill level 10 in Fighting
 71782 | Vaults:5 | Reached skill level 15 in Dodging
 71782 | Vaults:5 | Reached skill level 15 in Air Magic
 71788 | Vaults:5 | Identified the cursed +1 leather armour of the Dwarven Hall
                  | {rElec Int+6 Dex+2}
 72375 | Vaults:5 | Got a silver rune of Zot
 72660 | Vaults:5 | Reached XP level 27. HP: 153/153 MP: 48/56
 73906 | Vaults:5 | Found Doseagas's Antique Armour Emporium.
 73919 | Vaults:5 | Found Sibeul's Gadget Boutique.
 75039 | Vaults:5 | Got a jewelled ring mail
 75044 | Vaults:5 | Identified the +3 ring mail "Taisk" {rF+ Regen+} (You found
                  | it on level 5 of the Vaults)
 75050 | Vaults:5 | Got a scorched falchion
 75055 | Vaults:5 | Identified the +2 falchion of Sudingal {vorpal, rElec Str-4
                  | Dex+4} (You found it on level 5 of the Vaults)
 75067 | Vaults:5 | Learned a level 9 spell: Tornado
 75653 | Hell     | Killed an ancient lich
 75941 | Hell     | Found a gateway to the ashen valley of Gehenna.
 75997 | Hell     | Found a gateway to the Iron City of Dis.
 76070 | Hell     | Found a gateway to the freezing wastes of Cocytus.
 76149 | Hell     | Found a gateway to the decaying netherworld of Tartarus.
 76249 | Coc:1    | Entered Level 1 of Cocytus
 76655 | Zot:1    | Entered Level 1 of the Realm of Zot
 77061 | Zot:1    | Found a runed translucent door.
 77389 | Zot:1    | Noticed Jimaaf's ghost (adept DDFi)
 77794 | Zot:1    | Killed Jimaaf's ghost
 78278 | Zot:2    | Noticed an orb of fire
 78278 | Zot:2    | Gained mutation: You often lose your temper in combat. [an
                  | orb of fire]
 78281 | Zot:2    | Killed an orb of fire
 78908 | Zot:2    | Identified the cursed +1 quarterstaff of the Messenger
                  | {distort, *Drain +Rage Str+6 Stlth+}
 78908 | Zot:2    | Identified the cursed ring "Zokhuas" {rPois Dex-4}
 79721 | Zot:3    | Got a masterwork cloak
 79724 | Zot:3    | Identified the +1 cloak of Bad Feelings {Rampage *Slow
                  | Regen+} (You found it on level 3 of the Realm of Zot)
 80820 | Hell     | Learned a level 9 spell: Absolute Zero
 80866 | Coc:2    | Reached skill level 1 in Ice Magic
 81346 | Coc:7    | Entered Level 7 of Cocytus
 81546 | Coc:7    | Reached skill level 5 in Ice Magic
 82691 | Coc:7    | Identified the +2 dire flail of Prudence {chaos, Str+7}
 83301 | Coc:7    | Reached skill level 10 in Ice Magic
 83487 | Coc:7    | Identified the amulet of Voliliev {Acrobat rElec}
 83487 | Coc:7    | Noticed Antaeus
 83501 | Coc:7    | Killed Antaeus
 83644 | Coc:7    | Got an icy rune of Zot
 83750 | Tar:1    | Entered Level 1 of Tartarus
 84783 | Tar:5    | You are sucked into a shaft and drop 1 floor!
 84793 | Tar:7    | Entered Level 7 of Tartarus
 85683 | Tar:7    | Found the +12 glaive of Prune {vorpal}
 85686 | Tar:7    | Got a brightly glowing wooden ring
 85714 | Tar:7    | Reached skill level 15 in Ice Magic
 87132 | Tar:5    | Identified the ring "Daciucw" {Fire +Fly rElec rPois Str-2}
                  | (You found it on level 7 of Tartarus)
 90776 | Tar:7    | Noticed Ereshkigal
 90781 | Tar:7    | Killed Ereshkigal
 90876 | Tar:7    | Got a bone rune of Zot
 90882 | Tar:7    | Got an ancient pewter ring
 91382 | Hell     | Learned a level 9 spell: Shatter
 91384 | Hell     | Identified the ring of Diol {rF- EV+4 Str+9 Int+4} (You
                  | found it on level 7 of Tartarus)
 91465 | Dis:1    | Entered Level 1 of the Iron City of Dis
 91482 | Dis:1    | Reached skill level 1 in Earth Magic
 91628 | Geh:1    | Entered Level 1 of Gehenna
 92395 | Elf:3    | Got a translucent chain mail
 92398 | Elf:3    | Identified the +1 chain mail of Kecw {Int+4} (You found it
                  | on level 3 of the Elven Halls)
 92871 | Geh:2    | You are sucked into a shaft and drop 2 floors!
 93101 | Geh:3    | Reached skill level 5 in Earth Magic
 93395 | Geh:2    | Reached skill level 5 in Shields
 93488 | Geh:2    | You are sucked into a shaft and drop 1 floor!
 93709 | Geh:5    | You are sucked into a shaft and drop 1 floor!
 93727 | Geh:7    | Entered Level 7 of Gehenna
 94844 | Dis:7    | Entered Level 7 of the Iron City of Dis
 95070 | Dis:7    | Reached skill level 10 in Earth Magic
 97202 | Dis:7    | Identified the +7 chain mail of a ziggurat {rN+ rCorr
                  | Stlth-}
 98081 | Dis:7    | Found the +10 dark maul {vorpal}
 98165 | Dis:7    | Lost mutation: You often lose your temper in combat. [a
                  | cacodemon]
 98173 | Dis:7    | Reached skill level 15 in Earth Magic
 98196 | Dis:7    | Identified the Tome of Displaced Ignition
 98820 | Dis:7    | Identified the +4 staff of Dispater
 98820 | Dis:7    | Noticed Dispater
 99778 | Geh:3    | Reached skill level 10 in Shields
101722 | Geh:7    | Noticed the Serpent of Hell
101727 | Geh:7    | Killed the Serpent of Hell
102046 | Geh:7    | Identified the +7 sceptre of Asmodeus
102046 | Geh:7    | Noticed Asmodeus
102063 | Geh:7    | Found the brooch of Shielding {Spirit SH+8}
102683 | Zot:4    | Got a brightly glowing scale mail
102686 | Zot:4    | Identified the +1 scale mail "Itzatt" {+Inv rElec rC-
                  | rCorr} (You found it on level 4 of the Realm of Zot)
103237 | Tomb:1   | Noticed a greater mummy
103239 | Tomb:1   | Killed a greater mummy
103532 | Tomb:1   | Noticed a greater mummy
103534 | Tomb:1   | Killed a greater mummy
103538 | Tomb:1   | Noticed a greater mummy
103540 | Tomb:1   | Killed a greater mummy
103549 | Tomb:1   | Noticed a greater mummy
103551 | Tomb:1   | Killed a greater mummy
103560 | Tomb:1   | Noticed a greater mummy
103561 | Tomb:1   | Killed a greater mummy
103676 | Tomb:1   | Noticed a greater mummy
103678 | Tomb:1   | Killed a greater mummy
103950 | Tomb:1   | Noticed a greater mummy
103953 | Tomb:1   | Killed a greater mummy
103978 | Tomb:1   | Noticed a greater mummy
103982 | Tomb:1   | Killed a greater mummy
104041 | Tomb:1   | Noticed a greater mummy
104043 | Tomb:1   | Killed a greater mummy
104650 | Tomb:2   | Noticed a greater mummy
104653 | Tomb:2   | Killed a greater mummy
104654 | Tomb:2   | Noticed a greater mummy
104657 | Tomb:2   | Killed a greater mummy
104659 | Tomb:2   | Noticed a greater mummy
104661 | Tomb:2   | Killed a greater mummy
104663 | Tomb:2   | Noticed a greater mummy
104665 | Tomb:2   | Killed a greater mummy
105804 | Tomb:3   | Entered Level 3 of the Tomb of the Ancients
105824 | Tomb:3   | Killed from afar by an ancient champion

Illustrated notes

Levels and vault maps discovered:
D:1:      wander_arrival_desolate, layout_basic
D:2:      layout_basic, minitemple, nicolae_overflow_crystal_walls
D:3:      cheibrodos_helix_gallery, layout_loops_corners,
          nemelex_diamond_rough_becter, uniq_terence
D:4:      layout_loops_ring, doesnt_xom_only_xom, gup_ossuary_entry_pyramid,
          hangedman_decor_points, nicolae_gozag_seed_capital, uniq_natasha,
          uniq_grinder, uniq_ijyb
D:5:      layout_loops_ring, minmay_temple_entry_wispy, tgw_kikubaaqudgha
D:6:      minmay_chambers_of_threes, layout_basic, grunt_potential
D:7:      layout_basic, nemelex_xobeh_ov_fountains_minmay,
          kennysheep_generic_room_10, uniq_maggie
D:8:      layout_basic, lemuel_doored_altar, erik_lair_orcish_takeover,
          okawaru_ov_weapons_minmay, uniq_psyche
D:9:      layout_rooms, kennysheep_generic_room_5
D:10:     layout_long_grid, orc_0_dummy, basic_altar, makhleb_altar_promises_db,
          uniq_grum
D:11:     layout_long_grid, uniq_harold, uniq_urug
D:12:     layout_cross, serial_shops, shop, uniq_josephine
D:13:     layout_small_grid, uniq_kirke
D:14:     layout_roguey, grunt_vaults_entry_fortified, nicolae_wwwww,
          tgw_lugonu_bribe, uniq_louise, uniq_agnes
D:15:     grunt_enter_depths_snipers, layout_irregular_city
Temple:   regret_index_temple_waves
Lair:1:   layout_long_grid, gauntlet_entry_generic,
          cheibrodos_lair_caveside_slide
Lair:2:   layout_layer_cave
Lair:3:   layout_loops_ring, minmay_shoals_entry_hut,
          minmay_snake_entry_guardpost_small, portal_ice_cave_entry_imps,
          zaba_antful_of_joy, uniq_sonja
Lair:4:   layout_concentric_octagons, gammafunk_ghost_grave
Lair:5:   layout_regular_city, minmay_slime_entry_oklob_open
Lair:6:   hangedman_lair_caniforms_friends, layout_gridlike
Shoals:1: layout_shoals
Shoals:2: layout_shoals
Shoals:3: argonaut_golden_fleece, layout_shoals
Shoals:4: shoals_end_simple, layout_shoals
Snake:1:  layout_gridlike, serial_bayou_shore_b
Snake:2:  layout_grid_shapes, special_room, st_stairs_5, serial_bayou_shore_a,
          uniq_saint_roka
Snake:3:  layout_misc_corridors, st_stairs_12, uniq_aizul, uniq_donald,
          uniq_vashnia, uniq_nikola
Snake:4:  grunt_snake_rune_pools, layout_rooms, chequers_hall_statues_y,
          uniq_bai_suzhen
Orc:1:    layout_diamond_mine
Orc:2:    grunt_orc_community_town_hall, layout_caves,
          grunt_orc_community_big_house_1, grunt_orc_community_big_house_2,
          grunt_orc_community_house_2, grunt_orc_community_house_2,
          grunt_orc_community_house_3, grunt_orc_community_house_3,
          grunt_orc_community_house_3, serial_shops, shop, basic_altar,
          nicolae_orc_rockfall, nooodl_orcs_dogs
Elf:1:    eino_elf_arrival_altar, layout_loops_ring, serial_shops, shop,
          minmay_elf_demonology, grunt_megastairs_2, uniq_azrael
Elf:2:    layout_geoelf_diagonals
Elf:3:    elf_hall, layout_geoelf_octagon
Vaults:1: grunt_vaults_funnel, grunt_vaults_diagonal,
          nicolae_vaults_little_squares_4, layout_vaults_omnigrid, serial_shops,
          shop
Vaults:2: v_rooms_6, nicolae_vaults_windows_and_doors_thing,
          dpeg_vaults_monster_row, ontoclasm_vaults_pinch, v_misc_12,
          ontoclasm_vaults_loading_screen, nicolae_vaults_little_squares_2,
          vaults_room_pool, layout_vaults_chaotic_city, serial_shops,
          shop_statue, shop, shop, uniq_mara, uniq_margery, uniq_xtahua
Vaults:3: st_more_cells, v_rooms_3, hangedman_vaults_cutoff,
          nicolae_vaults_network_quincunx
          [nicolae_vaults_network_quincunx_subvault,
          nicolae_vaults_network_quincunx_subvault,
          nicolae_vaults_network_quincunx_subvault,
          nicolae_vaults_network_quincunx_subvault,
          nicolae_vaults_network_quincunx_subvault],
          nicolae_vaults_disjoint_gnomons, hangedman_vaults_stagger,
          vaults_room_large_hall, minmay_crypt_entry_necro_gods, v_pattern_2,
          ontoclasm_vaults_loading_screen, vaults_room_semicircle,
          vaults_room_mumra_shop_pool, nicolae_vaults_diagonal_hallway_6,
          v_misc_15, v_misc_25, layout_vaults_maze_bifur, uniq_sojobo
Vaults:4: v_misc_33, v_misc_25, v_pattern_5, vaults_dpeg_doors,
          ontoclasm_vaults_ligature, hangedman_vaults_stitches,
          vaults_mumra_chevron, ontoclasm_vaults_chip, vaults_mumra_hexcomb,
          v_misc_23, ontoclasm_vaults_loading_screen, serial_ice_g,
          layout_vaults_ring, serial_shops, nicolae_shop_stone
Vaults:5
Crypt:1:  layout_regular_city, hangedman_feature_mirror, grunt_ministairs_7,
          grunt_megastairs_1
Crypt:2:  layout_misc_corridors, uniq_boris
Crypt:3:  church_of_pain_bobbens, layout_chaotic_city,
          nicolae_tomb_entry_grand_gallery, lemuel_statue_altar
Tomb:1
Tomb:2
Tomb:3
Depths:1: layout_cave_shapes, enter_ziggurat_e, hellmouth_3,
          chequers_serial_rivers_micro_e, abyss_entry, kennysheep_crisscross,
          grunt_ministairs_5, minmay_splitting_lines, serial_bayou_pond_e,
          serial_sigils_hangedman_quiver, library_closet
Depths:2: minmay_octagon_keep, layout_cave_pools, pan_entry, hell_entry,
          grunt_decor_resistance
Depths:3: hangedman_stitches_corridor, layout_long_grid, pan_entry,
          grunt_mini_vestibule, serial_bayou_shore_b,
          infiniplex_staircase_squiggle, uniq_frederick
Depths:4: kennysheep_cluttered_fort, layout_basic, grunt_hell_entry_dis_mu,
          minmay_room_of_horrors, nicolae_water_bricks
Depths:5: grunt_zot_entry_bicorn, layout_honeycomb, hell_entry,
          chequers_serial_rivers_micro_a, abyss_entry
Hell
Dis:1:    layout_gridville
Dis:2:    layout_chaotic_city
Dis:3:    layout_jigsaw
Dis:4:    layout_regular_city, grunt_megastairs_3
Dis:5:    layout_subdivisions
Dis:6:    layout_gridville, nicolae_dis_strange_trophy_room
Dis:7:    iron_city_of_dis [dis_grunt, dis_wall_6], layout_chaotic_city
Geh:1:    layout_gehenna_pools_box
Geh:2:    layout_gehenna_pools_triple, lemuel_old_faithful
Geh:3:    layout_gehenna_lava_caves, evilmike_ambush
          [evilmike_ambush_outer_basic, evilmike_ambush_inner_basic]
Geh:4:    layout_gehenna_pools_basic
Geh:5:    layout_gehenna_pools_triple
Geh:6:    layout_gehenna_pools_box, hangedman_elemental_grid_stream
Geh:7:    geh_mu
Coc:1:    layout_ice_bergs
Coc:2:    layout_cocytus_water_paths
Coc:3:    layout_ice_bergs
Coc:4:    layout_cocytus_water_paths
Coc:5:    layout_cocytus_water_paths
Coc:6:    layout_ice_bergs
Coc:7:    coc_hangedman
Tar:1:    layout_honeycomb
Tar:2:    layout_catacombs
Tar:3:    layout_cathedral_of_symmetry, nicolae_tar_cuneiform_water
Tar:4:    layout_catacombs
Tar:5:    layout_honeycomb
Tar:6:    layout_catacombs
Tar:7:    tar_minmay_river
Zot:1:    layout_onion, ebering_ghost_reflecting_pool
Zot:2:    minmay_elemental_castle, layout_misc_corridors
Zot:3:    layout_misc_corridors, skrybe_zot_glass_2
Zot:4:    layout_misc_corridors

Skill      XL: |  1  2  3  4  5  6  7  8  9 10 11 12 13 14 15 16 17 18 19 20 21 22 23 24 25 26 27 |
---------------+----------------------------------------------------------------------------------+-----
Spellcasting   | 4 5 6 7 9 10 11 13 14 15 16 17 18 19 21 22 23 24 25 26 27 | 27.0
Conjurations   | 5 6 7 8 9 10 11 12 13 14 15 16 17 18 19 20 21 22 23 24 | 24.2
Hexes          | 3 5 6 8 9 |  9.0
Translocations | 2 4 5 6 |  6.0
Fire Magic     | 2 5 8 10 11 12 13 15 16 17 18 19 20 21 22 23 | 23.0
Fighting       | 2 3 4 5 6 7 8 10 12 | 12.2
Armour         | 2 3 4 5 6 8 9 10 11 13 | 13.1
Dodging        | 3 5 6 7 9 10 11 12 13 15 23 | 23.0
Air Magic      | 2 5 7 8 9 10 11 13 15 23 | 23.0
Shields        | 2 4 13 | 13.3
Ice Magic      | 23 | 23.0
Earth Magic    | 21 | 21.5
Stealth        | |  2.4

Action                   |  1- 3 |  4- 6 |  7- 9 | 10-12 | 13-15 | 16-18 | 19-21 | 22-24 | 25-27 || total
-------------------------+-------+-------+-------+-------+-------+-------+-------+-------+-------++-------
Melee: Staff             |       |       |       |     4 |     1 |       |    16 |       |   202 ||   223
       Hand axe          |       |       |       |       |     8 |       |       |       |       ||     8
 Cast: Magic Dart        |    68 |    48 |   113 |   272 |   509 |   280 |   210 |   116 |   226 ||  1842
       Searing Ray       |     4 |    27 |    54 |    40 |       |       |       |       |       ||   125
       Iskenderun's Myst |       |       |     5 |    47 |    92 |    84 |    74 |    76 |   520 ||   898
       Fulminant Prism   |       |       |    11 |    47 |    65 |    20 |     2 |       |     2 ||   147
       Iskenderun's Batt |       |       |       |    53 |   110 |    80 |    63 |    52 |   129 ||   487
       Starburst         |       |       |       |     4 |       |     2 |       |       |     1 ||     7
       Orb of Destructio |       |       |       |     1 |    25 |    12 |    11 |       |    67 ||   116
       Fireball          |       |       |       |       |    80 |   196 |   242 |   282 |   978 ||  1778
       Lightning Bolt    |       |       |       |       |     1 |    11 |    31 |     8 |    20 ||    71
       Ignition          |       |       |       |       |       |    19 |    44 |    11 |    22 ||    96
       Fire Storm        |       |       |       |       |       |       |    61 |    40 |   315 ||   416
       Swiftness         |       |       |       |       |       |       |     1 |       |    16 ||    17
       Blink             |       |       |       |       |       |       |       |     1 |    34 ||    35
       Tornado           |       |       |       |       |       |       |       |       |   175 ||   175
       Absolute Zero     |       |       |       |       |       |       |       |       |    71 ||    71
       Shatter           |       |       |       |       |       |       |       |       |     6 ||     6
Evoke: Wand              |       |       |       |     1 |       |       |       |       |     7 ||     8
  Use: Scroll            |     5 |       |     9 |     7 |     8 |     1 |     9 |     5 |    22 ||    66
       Potion            |       |       |     4 |     4 |     4 |       |       |     1 |     9 ||    22
Armor: Robe              |     2 |     2 |     1 |     4 |    13 |    14 |     9 |       |       ||    45
       Skin              |       |       |       |    43 |       |       |       |       |       ||    43
       Ring mail         |       |       |       |       |       |       |       |     5 |   264 ||   269
Dodge: Dodged            |     9 |     9 |    18 |    48 |    67 |    46 |    35 |    20 |   583 ||   835
Block: Buckler           |       |       |       |       |       |     1 |    13 |     7 |   228 ||   249
       Reflection        |       |       |       |       |       |       |       |       |     8 ||     8

Table legend: (Time is in decaauts)
 A = Elapsed time spent in this place.
 B = Non-inter-level travel time spent in this place.
 C = Inter-level travel time spent in this place.
 D = Time resting spent in this place.
 E = Time spent auto-exploring this place.
 F = Levels seen in this place.
 G = Mean time per level.
                   A        B        C        D        E       F      G
               +--------+--------+--------+--------+--------+-----+--------+
         Total | 106222 |  94354 |  11868 |  37559 |  31745 |  87 | 1220.9 |
       Dungeon |  19492 |  17723 |   1769 |   5715 |  10108 |  15 | 1299.5 |
        Temple |     49 |     31 |     18 |      0 |     27 |   1 |   49.0 |
          Lair |   8814 |   7970 |    844 |   2653 |   4226 |   6 | 1469.0 |
        Shoals |   4349 |   4101 |    248 |   1090 |   2276 |   4 | 1087.2 |
     Snake Pit |   8684 |   8254 |    430 |   4785 |   1894 |   4 | 2171.0 |
  Orcish Mines |   2684 |   2316 |    368 |    671 |   1192 |   2 | 1342.0 |
   Elven Halls |   5353 |   4668 |    685 |   1458 |   1559 |   3 | 1784.3 |
        Vaults |  10243 |   9121 |   1122 |   3762 |   3508 |   5 | 2048.6 |
         Crypt |   4650 |   4258 |    392 |   1663 |   1431 |   3 | 1550.0 |
          Tomb |   4127 |   3741 |    386 |   2491 |     79 |   3 | 1375.7 |
        Depths |   8829 |   7664 |   1165 |   3076 |   2700 |   5 | 1765.8 |
          Hell |   6176 |   5806 |    370 |   5255 |    139 |   1 | 6176.0 |
           Dis |   4420 |   3463 |    957 |    755 |    117 |   7 |  631.4 |
       Gehenna |   3026 |   2647 |    379 |    392 |     31 |   7 |  432.3 |
       Cocytus |   2105 |   1860 |    245 |    281 |      2 |   7 |  300.7 |
      Tartarus |   6423 |   4542 |   1881 |    854 |    688 |   7 |  917.6 |
           Zot |   4183 |   3580 |    603 |   1363 |   1266 |   4 | 1045.8 |
       Ossuary |    564 |    564 |      0 |    378 |     35 |   1 |  564.0 |
      Ice Cave |   1125 |   1125 |      0 |    523 |    316 |   1 | 1125.0 |
      Gauntlet |    916 |    916 |      0 |    392 |    151 |   1 |  916.0 |
               +--------+--------+--------+--------+--------+-----+--------+

Top non-repeatable levels by time:
    Hell: 6176 daAuts
Vaults:5: 3420 daAuts
 Snake:4: 3073 daAuts
   Tar:7: 2651 daAuts
  Tomb:1: 2533 daAuts
Depths:5: 2530 daAuts
   Dis:7: 2527 daAuts
 Snake:3: 2496 daAuts
 Crypt:3: 2433 daAuts
   Elf:3: 2095 daAuts
 Snake:2: 2027 daAuts
Vaults:3: 1893 daAuts
Depths:1: 1883 daAuts
   Orc:2: 1805 daAuts
     D:8: 1795 daAuts
